AoeStats
← Aye-Aye [LDKoala] - modo furioso

Pilgrims

509448808Analyzed
3v3 RM · 5d ago on Sep 26, 2026· 25m 26s· 6 players
Game mode
Random Map
Map size
Normal (6 player)
Population
200
Speed
Normal
Resources
Standard
Victory
Conquest
Starting age
Dark Age
Ending age
Imperial Age
RankedLock teamsTeams togetherTeam positionsShared explorationLock speedFull tech treeHidden civsTurbo modeCheats
Victory
Defeat
🇪🇸 Teutons · Spain
1008
+16
🇪🇸 Wu · Spain
984
+17
🇪🇸 Persians · Spain
972
+17
1003
-17
1002
-17
🇵🇪 Magyars · Peru
990
-16
simo.detto
12:05 Feudal Age
11:33 Loom
15:02 Gold Mining
18:36 Castle Age
16:39 Scale Mail Armor
16:45 Scale Barding Armor
16:50 Forging
16:30 Fletching
16:40 Padded Archer Armor
16:50 Double-Bit Axe
16:52 Horse Collar
17:07 Stone Mining
18:54 Wheelbarrow
18:04 Town Watch
20:07 Chain Mail Armor
19:33 Pikeman
21:54 Bloodlines
23:18 Bow Saw
23:15 Heavy Plow
25:10 Husbandry
Esdlm
5:24 Loom
13:51 Feudal Age
14:55 Gold Mining
17:32 Castle Age
15:47 Forging
15:43 Scale Barding Armor
16:22 Double-Bit Axe
16:52 Bloodlines
19:02 Stone Mining
22:13 Iron Casting
mario19
11:52 Feudal Age
10:08 Loom
16:45 Double-Bit Axe
20:00 Castle Age
18:15 Forging
18:06 Scale Mail Armor
17:57 Fletching
18:08 Padded Archer Armor
18:25 Gold Mining
20:25 Wheelbarrow
21:43 Bodkin Arrow
22:04 Leather Archer Armor
22:33 Bow Saw
23:13 Hand Cart
23:45 Gold Shaft Mining
25:22 Fishing Lines
Peppenjaimer (rovastar99)
8:19 Loom
11:35 Feudal Age
12:43 Double-Bit Axe
20:57 Castle Age
19:07 Scale Barding Armor
20:11 Gold Mining
ivgash
8:41 Loom
13:57 Feudal Age
15:28 Double-Bit Axe
15:25 Horse Collar
18:28 Wheelbarrow
18:22 Bloodlines
20:29 Castle Age
20:53 Fletching
21:37 Light Cavalry
22:40 Bodkin Arrow
23:06 Hand Cart
Aye-Aye [LDKoala] - modo furioso
4:20 Loom
14:01 Feudal Age
17:58 Castle Age
19:28 Double-Bit Axe
23:24 Horse Collar
23:54 Town Watch
Connection lost

Rejoining the realm…

Still unreachable

The connection could not be restored.

Session expired

The server has moved on; the page needs a fresh start.